 Dungeon Crawl Stone Soup version 0.31.0-12-g77e489cdc1 (webtiles) character file.

Game seed: 12513115322874683704

102 Peloso the Covered (level 4, 0/41 HPs)
             Began as a Minotaur Fighter on Feb 24, 2024.
             Incinerated by a bombardier beetle (7 damage)
             ... with a burning spray
             ... on level 3 of the Dungeon.
             The game lasted 00:02:38 (1211 turns).

Peloso the Covered (Minotaur Fighter)               Turns: 1211, Time: 00:02:39

Health: 0/41       AC: 11    Str: 21    XL:     4   Next: 50%
Magic:  3/3        EV:  9    Int:  5    God:
Gold:   69         SH:  4    Dex: 11    Spells: 3/3 levels left

rFire   . . .        a - +0 long sword
rCold   . . .        c - +0 buckler
rNeg    . . .        b - +0 scale mail
rPois   .            (helmet restricted)
rElec   .            (no cloak)
rCorr   .            (no gloves)
SInv    .            (no boots)
Will    .....        (no amulet) Stlth
                     e - +4 ring of protection
HPRegen 0.26/turn    (no ring)
MPRegen 0.08/turn

%: no passive effects
@: on fire, glowing
A: horns 2, retaliatory headbutt
a: no special abilities


You were on level 3 of the Dungeon.
You visited 1 branch of the dungeon, and saw 3 of its levels.

You collected 69 gold pieces.

Inventory:

Hand Weapons
 a - a +0 long sword (weapon)
Armour
 b - a +0 scale mail (worn)
 c - a +0 buckler (worn)
Jewellery
 e - a +4 ring of protection (left hand)
 f - a ring of fire
Scrolls
 g - a scroll of noise {unknown}
 i - a scroll of enchant armour {unknown}
 j - a scroll of teleportation {unknown}
 k - a scroll of poison {unknown}
Potions
 d - 2 potions of might
 h - a potion of brilliance


   Skills:
 + Level 4.5 Fighting
 + Level 3.5 Long Blades
 + Level 4.6 Armour
 + Level 0.9 Dodging
 + Level 4.1 Shields


You had 3 spell levels left.
You didn't know any spells.
Your spell library contained the following spells:

 Spells                   Type           Power      Damage    Failure   Level
 Magic Dart               Conj           0%         1d3       86%         1
 Searing Ray              Conj           0%         2d4       95%         2
 Fulminant Prism          Conj/Alch      0%         3d5       100%        4


Dungeon Overview and Level Annotations

Branches:
Dungeon (3/15)

Altars:

Shops:
D:1 ?   D:2 =


Innate Abilities, Weirdness & Mutations

You have a pair of horns on your head.
You reflexively headbutt those who attack you in melee.


Message History

A bombardier beetle is nearby!
A bombardier beetle is nearby!
A bombardier beetle is nearby!
The bombardier beetle sprays incendiary fluid at you.
You block the burning spray.
You hit the bombardier beetle but do no damage.
The bombardier beetle sprays incendiary fluid at you.
The burning spray hits you.
You are covered in liquid fire!
You closely miss the bombardier beetle. The liquid fire burns you!
The bombardier beetle bites you but does no damage.
You barely miss the bombardier beetle. The liquid fire burns you!
You hit the bombardier beetle but do no damage.
The liquid fire burns you!
The bombardier beetle waves its antennae.
The bombardier beetle bites you but does no damage.
You slash the bombardier beetle!
The bombardier beetle is heavily wounded.
The liquid fire burns you!
The bombardier beetle barely misses you.
You hit the bombardier beetle.
The bombardier beetle is heavily wounded.
The liquid fire burns you!
The bombardier beetle sprays incendiary fluid at you.
The burning spray hits you.
You are even more covered in liquid fire!
You barely miss the bombardier beetle.
The bombardier beetle is heavily wounded.
The liquid fire burns you!
You barely miss the bombardier beetle.
The bombardier beetle is heavily wounded.
The liquid fire burns you!
* * * LOW HITPOINT WARNING * * *
The bombardier beetle bites you but does no damage.
You hit the bombardier beetle.
The bombardier beetle is severely wounded.
The liquid fire burns you!
You die...

###### ....# #B.#
#### #@.# ####>.####
#..###..#
#........###........
#....###...(.#######
#....# ##.##.......
#....####..........
####...##........##
#.#.#####.....#
#.#.# #######


You could see a bombardier beetle.

Vanquished Creatures
  Jessica (D:2)
  2 adders (D:3)
  A ribbon worm (D:2)
  4 endoplasms
  3 giant cockroaches
  4 goblins
  3 hobgoblins
  7 jackals (D:3)
  4 kobolds
  5 quokkas
  6 ball pythons
  3 bats (D:1)
  2 frilled lizards
  4 rats
49 creatures vanquished.

Notes
Turn   | Place    | Note
-------+----------+-------------------------------------------
     0 | D:1      | Peloso the Minotaur Fighter began the quest for the Orb.
     0 | D:1      | Reached XP level 1. HP: 19/19 MP: 0/0
    39 | D:1      | Found Kidaata's Magic Scroll Emporium.
   111 | D:1      | Reached XP level 2. HP: 19/27 MP: 1/1
   701 | D:2      | Reached XP level 3. HP: 34/34 MP: 2/2
   845 | D:2      | Noticed Jessica
   853 | D:2      | Killed Jessica
   980 | D:2      | Found a transporter.
   982 | D:2      | Found Niolump's Jewellery Emporium.
  1005 | D:2      | Found a transporter.
  1054 | D:3      | Reached XP level 4. HP: 41/41 MP: 3/3
  1113 | D:3      | Found a faded altar of an unknown god.
  1211 | D:3      | Incinerated by a bombardier beetle

Illustrated notes

Levels and vault maps discovered:
D:1:      amcnicky_arrival_underground_garden, layout_rooms, serial_shops,
          nicolae_shop_window_shopping, minmay_misc_feat_columns,
          minmay_misc_feat_enclosed, minmay_misc_feat_cross
D:2:      layout_rooms, serial_shops, nicolae_shop_drivethru, uniq_jessica
D:3:      layout_basic, mainiacjoe_overflow_alcove_1, okawaru_trees_2,
          serial_shops, nicolae_shop_behind_doors,
          hellmonk_ecumenical_altar_dog_temple, minmay_misc_feat_hallway

Skill      XL: |  1  2  3 |
---------------+----------+-----
Fighting       | 4 |  4.5
Armour         | 4 |  4.6
Long Blades    | 3 |  3.5
Shields        | 4 |  4.1
Dodging        | |  0.9

Action                     |  1- 3 |  4- 6 || total
---------------------------+-------+-------++-------
  Melee: Long sword        |    70 |    40 ||   110
         Headbutt          |    10 |     4 ||    14
    Use: Potion            |     2 |       ||     2
 Armour: Scale mail        |    61 |    38 ||    99
  Dodge: Dodged            |    40 |    21 ||    61
  Block: Buckler           |    24 |    14 ||    38
